 Dungeon Crawl Stone Soup version 0.31.0-32-g396128a36d (webtiles) character file.

Game seed: 3342204599077377547

2699 H0rd4k the Mimic (level 9, 0/60 HPs)
             Began as an Octopode Artificer on Apr 3, 2024.
             Was an Initiate of Gozag.
             Engulfed by a steam dragon's steam (9 damage)
             ... on level 8 of the Dungeon.
             The game lasted 00:10:03 (7643 turns).

H0rd4k the Mimic (Octopode Artificer)               Turns: 7643, Time: 00:10:04

Health: 0/60       AC:  5    Str: 11    XL:     9   Next: 65%
Magic:  9/9        EV: 13    Int: 18    God:    Gozag
Gold:   872        SH:  0    Dex: 12    Spells: 8/8 levels left

rFire   . .          .
                       - Unarmed
rCold   + . .        (no shield)
rNeg    . . .        m - melded +0 hat "Podwappe" {rElec Str+5 Int-3 Stlth+}
rPois   .            w - amulet of magic regeneration
rElec   .            h - ring of willpower
rCorr   .            l - +4 ring of protection
SInv    .            B - ring of protection from cold
Will    +....        (no ring)
Stlth   +++          (no ring)
HPRegen 0.30/turn    (no ring)
MPRegen 0.51/turn    (no ring)
                     (no ring)

%: no passive effects
@: beast-form
A: beast (slay +4), almost no armour, amphibious, 8 rings, camouflage 1,
gelatinous body 1, (nimble swimmer 1), tentacles
a: Begin Untransformation, Renounce Religion, Potion Petition, Call Merchant,
Bribe Branch


You were on level 8 of the Dungeon.
You worshipped Gozag.
Gozag was pleased with you.
You were a hulking beast.
You visited 2 branches of the dungeon, and saw 9 of its levels.

You collected 1181 gold pieces.
You spent 227 gold pieces at shops.
You paid 82 gold pieces to Gozag.

Inventory:

Hand Weapons
 t - a +3 sling
Missiles
 p - 25 poisoned darts
Armour
 m - the +0 hat "Podwappe" (melded) {rElec Str+5 Int-3 Stlth+}
   (You acquired it on level 7 of the Dungeon)

   Str+5:     It affects your strength (+5).
   Int-3:     It affects your intelligence (-3).
   rElec:     It insulates you from electricity.
   Stlth+:    It makes you more stealthy.
Magical Staves
 s - a staff of cold
Jewellery
 h - a ring of willpower (left tentacle)
 l - a +4 ring of protection (right tentacle)
 w - an amulet of magic regeneration (around mantle)
 B - a ring of protection from cold (on tentacle)
Talismans
 e - a blade talisman
 j - a beast talisman (active)
 o - a beast talisman (active)
Wands
 b - a wand of flame (59) (quivered)
 c - a wand of charming (10)
 v - a wand of mindburst (26)
 A - a wand of polymorph (4)
Scrolls
 a - a scroll of silence
 d - a scroll of vulnerability
 f - 3 scrolls of fog
 i - 2 scrolls of summoning
 k - 2 scrolls of enchant weapon
 q - 2 scrolls of poison
 z - a scroll of blinking
 E - a scroll of amnesia
 F - a scroll of fear
 G - a scroll of immolation
Potions
 g - 2 potions of degeneration
 n - 4 potions of curing
 r - 2 potions of attraction
 u - 2 potions of lignification
 x - a potion of cancellation {unknown}
 C - a potion of might {unknown}
 D - 2 potions of magic {unknown}
 H - a potion of enlightenment {unknown}
 I - a potion of invisibility {unknown}
 J - a potion of haste {unknown}


   Skills:
 + Level 4.9 Fighting
 - Level 2.3 Dodging
 - Level 1.3 Stealth
 - Level 5.3 Unarmed Combat
 - Level 3.2 Evocations
 * Level 9.6 Shapeshifting


You had 8 spell levels left.
You didn't know any spells.
Your spell library contained the following spells:

 Spells                   Type           Power      Damage    Failure   Level
 Apportation              Tloc           0%         N/A       22%         1
 Jinxbite                 Hex            0%         N/A       32%         2
 Alistair's Intoxication  Alch           0%         N/A       99%         5
 Chain Lightning          Conj/Air       0%         N/A       100%        9
 Fire Storm               Conj/Fire      0%         5d1       100%        9
 Shatter                  Erth           0%         3d5*      100%        9


Dungeon Overview and Level Annotations

Branches:
Dungeon (8/15)             Temple (1/1) D:4
   Lair: D:8-11

Altars:
Ashenzari
Cheibriados
Dithmenos
Elyvilon
Fedhas
Gozag
Hepliaklqana
Kikubaaqudgha
Makhleb
Nemelex Xobeh
Okawaru
Ru
Sif Muna
Trog
Uskayaw
Vehumet
Wu Jian
Xom
Yredelemnul
The Shining One

Shops:
D:5 ?

Annotations:
D:4 exclusion: downstairs
D:5 exclusion: downstairs


Innate Abilities, Weirdness & Mutations

You are a hulking beast.
Your limbs bulge with bestial killing power. (Slay +4)
You cannot wear most types of armour.
You are amphibious.
You can wear up to eight rings at the same time.
Your skin changes colour to match your surroundings (Stealth+).
Your rubbery body absorbs attacks. (AC +1, EV +1)
((You are camouflaged when in or above water. (Stealth+)))
You have tentacles for arms and can constrict up to eight enemies at once.


Message History

The steam dragon hisses angrily.
You tentacle-slap the steam dragon.
The steam dragon is lightly wounded.
The steam dragon hisses angrily.
You hear a shout!
The steam dragon bites you! The steam dragon closely misses you.
An orc comes into view. It is wielding a +0 club.
You barely miss the steam dragon.
The steam dragon is lightly wounded.
The steam dragon bites you but does no damage.
The steam dragon claws you.
Unknown command.
You bludgeon the steam dragon! You squeeze the steam dragon.
The steam dragon is moderately wounded.
The steam dragon breathes steam at you. The ball of steam hits you!
The steam dragon attacks as it pursues you!
The steam dragon completely misses you.
The steam dragon claws you but does no damage.
The steam dragon attacks as it pursues you!
The steam dragon misses you.
The steam dragon claws you but does no damage.
You tentacle-slap the steam dragon. Your squeeze misses the steam dragon.
The steam dragon is heavily wounded.
The steam dragon bites you. The steam dragon closely misses you.
You barely miss the steam dragon.
The steam dragon is heavily wounded.
The steam dragon breathes steam at you. The ball of steam hits you!!
* * * LOW HITPOINT WARNING * * *
The steam dragon breathes steam at you.
The ball of steam hits the steam dragon.
The steam dragon resists.
The ball of steam hits you!
* * * LOW HITPOINT WARNING * * *
Aiming: Charm
Press: ? - help, Shift-Dir - straight line, f - steam dragon
Aim: a steam dragon (steam, severely wounded, catching its breath, chance to affect: 57%)
The steam dragon resists with significant effort.
You are engulfed in a cloud of scalding steam.
You die...
Your body crumbles into a pile of gold.

.# .......
## .......
## .......
.# ⌠......
.# ♣.... .#
..♣....###
.#
⌠/.o.D.D.#
.#
(.♣....#D#
.# ♣....#h#
.#
⌠......#§#
.#
.......#§#
.#
.......#.#
##
.......#.#
.#
#########.#
.# . #.# #.#
.#
..####.###.#
.#
#..(......#


You could see 2 steam dragons.

Vanquished Creatures
  Joseph (D:7)
  Sigmund (D:2)
  A wyvern (D:8)
  Duvessa (D:5)
  An orc warrior (D:7)
  An ice beast (D:8)
  2 ogres
  2 phantoms
  2 bullfrogs
  A kobold brigand (D:7)
  3 killer bees (D:7)
  A howler monkey (D:7)
  2 bombardier beetles (D:5)
  A crimson imp (D:6)
  4 hounds
  A jelly (D:4)
  2 gnoll boudas (D:5)
  5 orc priests
  A sleepcap (D:5)
  2 iguanas
  Terence (D:2)
  5 orc wizards
  14 gnolls
  8 adders
  2 white imps (D:6)
  2 ufetubi (D:7)
  4 dart slugs
  3 ribbon worms
  36 orcs
  7 endoplasms
  5 giant cockroaches
  7 goblins
  8 hobgoblins
  2 jackals (D:4)
  6 quokkas
  6 ball pythons
  8 bats
  3 frilled lizards
  22 kobolds
  8 rats
192 creatures vanquished.

Vanquished Creatures (others)
  A swamp drake (D:5)
  A gnoll sergeant (D:5)
2 creatures vanquished.

Grand Total: 194 creatures vanquished

Notes
Turn   | Place    | Note
-------+----------+-------------------------------------------
     0 | D:1      | H0rd4k the Octopode Artificer began the quest for the Orb.
     0 | D:1      | Reached XP level 1. HP: 13/13 MP: 1/1
   142 | D:1      | Reached skill level 1 in Unarmed Combat
   181 | D:1      | Reached XP level 2. HP: 18/18 MP: 2/2
   833 | D:1      | Reached XP level 3. HP: 21/23 MP: 3/3
  1102 | D:2      | Found a hazy altar of Hepliaklqana.
  1133 | D:2      | Noticed Sigmund
  1137 | D:2      | Killed Sigmund
  1138 | D:2      | Reached skill level 2 in Shapeshifting
  1138 | D:2      | Reached XP level 4. HP: 20/28 MP: 4/4
  1138 | D:2      | Reached XP level 5. HP: 24/33 MP: 5/5
  1257 | D:2      | Reached XP level 6. HP: 35/39 MP: 6/6
  1416 | D:2      | Noticed Terence
  1441 | D:2      | Killed Terence
  2025 | D:4      | Reached skill level 5 in Unarmed Combat
  2194 | D:4      | Reached skill level 3 in Shapeshifting
  2385 | D:4      | Reached XP level 7. HP: 29/45 MP: 7/7
  2487 | D:4      | Found a staircase to the Ecumenical Temple.
  2553 | Temple   | Entered the Ecumenical Temple
  2583 | Temple   | Became a worshipper of Gozag Ym Sagoz the Greedy
  2696 | D:4      | Found an iron altar of Okawaru.
  2700 | D:4      | Found a sparkling altar of Nemelex Xobeh.
  2702 | D:4      | Found a basalt altar of Yredelemnul.
  2872 | D:3      | Reached skill level 4 in Shapeshifting
  3773 | D:5      | Entered Level 5 of the Dungeon
  3989 | D:5      | Reached skill level 5 in Shapeshifting
  4158 | D:5      | Found Fynorr's Magic Scroll Boutique.
  4161 | D:5      | Bought a scroll of blinking for 97 gold pieces
  4161 | D:5      | Bought a scroll of identify for 26 gold pieces
  4266 | D:5      | Reached XP level 8. HP: 36/51 MP: 8/8
  4389 | D:5      | Noticed Dowan
  4392 | D:5      | Noticed Duvessa
  4407 | D:5      | Dowan changed into Dowan the tengu
  4407 | D:5      | Noticed Dowan
  4409 | D:5      | Dowan the tengu changed into Dowan the swamp drake
  4409 | D:5      | Noticed Dowan
  4412 | D:5      | Your ally Dowan died
  4415 | D:5      | Killed Duvessa
  4416 | D:5      | Reached skill level 6 in Shapeshifting
  5336 | D:6      | Reached skill level 7 in Shapeshifting
  6043 | D:6      | Found a burning altar of Makhleb.
  6043 | D:6      | Found a shimmering altar of Xom.
  6115 | D:5      | Bought a scroll of fear for 52 gold pieces
  6115 | D:5      | Bought a scroll of poison for 52 gold pieces
  6241 | D:7      | Reached skill level 8 in Shapeshifting
  6241 | D:7      | Reached XP level 9. HP: 50/58 MP: 9/9
  6813 | D:7      | Noticed Joseph
  6819 | D:7      | Killed Joseph
  6820 | D:7      | Reached skill level 9 in Shapeshifting
  7088 | D:7      | Identified a scroll of acquirement
  7096 | D:7      | Acquired the +0 hat "Podwappe" {rElec Str+5 Int-3 Stlth+}
  7643 | D:8      | Engulfed by a steam dragon's steam

Illustrated notes

Levels and vault maps discovered:
D:1:      minmay_arrival_diagonal_passages, layout_basic
D:2:      minmay_razor_zed, layout_basic, basic_altar, fountainhead,
          nicolae_concentric_dashed_squares_wild, uniq_terence, uniq_sigmund
D:3:      layout_basic, lexackson_kobold_supper
D:4:      layout_rooms, nicolae_overflow_hidden_temple,
          minmay_temple_entry_glassed_door
D:5:      layout_basic, serial_shops, nicolae_shop_behind_doors, uniq_duvessa
D:6:      layout_cave_pools, grunt_temple_overflow_champion_of_chaos
D:7:      hellmonk_crumbling_castle, layout_gridville, nicolae_titane,
          uniq_joseph
D:8:      layout_loops_cross, grunt_ministairs_14, minmay_misc_feat_square,
          kennysheep_generic_room_2
Temple:   bh_familiar_temple

Skill      XL: |  1  2  3  4  5  6  7  8  9 |
---------------+----------------------------+-----
Unarmed Combat | 1 2 4 5 |  5.3
Shapeshifting  | 2 3 5 8 9 |  9.6
Fighting       | 2 3 4 |  4.9
Dodging        | |  2.3
Stealth        | |  1.3
Evocations     | |  3.2

Action                     |  1- 3 |  4- 6 |  7- 9 || total
---------------------------+-------+-------+-------++-------
  Melee: Unarmed           |    77 |   124 |   249 ||   450
         Constrict         |    23 |    26 |    66 ||   115
         Tentacles         |    16 |    27 |    63 ||   106
         Punch             |     2 |     5 |    15 ||    22
  Evoke: Wand              |     4 |     2 |    13 ||    19
    Use: Scroll            |       |       |    13 ||    13
   Stab: Sleeping          |    11 |     4 |     9 ||    24
         Distracted        |       |       |     2 ||     2
 Armour: Skin              |    32 |    57 |   127 ||   216
  Dodge: Dodged            |    51 |    64 |   118 ||   233
   Form: Beast             |     1 |       |     1 ||     2
                           |       |       |     1 ||     1
